 Dungeon Crawl Stone Soup version 0.29-a0-409-gd843f3a48c (webtiles) character file.

Game seed: 11854524429135381093

5366 snetch the Basher (level 10, -3/90 HPs)
             Began as a Minotaur Berserker on May 13, 2022.
             Was an Elder of Trog.
             Slain by a soul eater (8 damage)
             ... summoned by a kobold demonologist
             ... on level 9 of the Dungeon.
             The game lasted 00:21:58 (8523 turns).

snetch the Basher (Minotaur Berserker)              Turns: 8523, Time: 00:21:58

Health: -3/90      AC: 16    Str: 27    XL:     10   Next: 39%
Magic:  9/9        EV: 10    Int: 10    God:    Trog [****..]
Gold:   211        SH:  0    Dex:  9    Spells: 9/9 levels left

rFire   . . .      SeeInvis .   b - +3 mace (venom)
rCold   + . .      Faith    .   (no shield)
rNeg    . . .      Spirit   .   M - +0 chain mail {rC+}
rPois   .          Reflect  .   (helmet restricted)
rElec   .          Harm     .   (no cloak)
rCorr   .          Rampage  .   l - +0 pair of gloves
Will    .....                   (no boots)
Stlth   ..........              (no amulet)
HPRegen 0.25/turn               u - +4 ring of protection
MPRegen 0.11/turn               L - +6 ring of intelligence

@: no status effects
A: horns 2, retaliatory headbutt
a: Renounce Religion, Berserk, Trog's Hand, Brothers in Arms


You were on level 9 of the Dungeon.
You worshipped Trog.
Trog was greatly pleased with you.
You visited 2 branches of the dungeon, and saw 10 of its levels.
You also visited: Sewer and Ossuary.

You collected 250 gold pieces.
You spent 39 gold pieces at shops.

Inventory:

Hand Weapons
 a - a +0 hand axe
 b - a +3 mace of venom (weapon)
 c - a +0 scythe
 I - the +5 falchion of Uskayaw's Benevolence {freeze, rF- Dex+5 SInv}
   (You found it on level 5 of the Dungeon)

   It freezes those it strikes, dealing additional cold damage.
   It can also slow down cold-blooded creatures.
   Dex:       It affects your dexterity (+5).
   rF:        It makes you vulnerable to fire.
   SInv:      It lets you see invisible.
 J - a +1 vorpal flail
 O - a +5 falchion of freezing
 P - a +4 great sword of freezing
 T - a +0 battleaxe
Missiles
 k - 166 stones (quivered)
 A - 6 boomerangs
Armour
 l - a +0 pair of gloves (worn)
 M - a +0 chain mail of cold resistance (worn)
Jewellery
 u - a +4 ring of protection (left hand)
 L - a +6 ring of intelligence (right hand)
 Q - the ring of the Distant Future {+Blink Int+2 SInv}
   (You found it on level 7 of the Dungeon)

   [ring of see invisible]

   Int:       It affects your intelligence (+2).
   SInv:      It lets you see invisible.
   +Blink:    It lets you blink.
Wands
 v - a wand of flame (10)
 B - a wand of digging (6)
 H - a wand of polymorph (5)
 K - a wand of iceblast (13)
 N - a wand of paralysis (8)
Scrolls
 f - 4 scrolls of identify {unknown}
 j - 2 scrolls of enchant armour {unknown}
 m - 2 scrolls of poison {unknown}
 p - 2 scrolls of immolation {unknown}
 q - 2 scrolls of noise {unknown}
 r - 5 scrolls of enchant weapon {unknown}
 w - 3 scrolls of teleportation
 x - 6 scrolls of magic mapping {unknown}
 C - a scroll of fog {unknown}
 D - 2 scrolls of brand weapon {unknown}
 S - a scroll of silence {unknown}
Potions
 d - 5 potions of brilliance {unknown}
 e - a potion of experience {unknown}
 g - 6 potions of mutation {unknown}
 h - 3 potions of cancellation {unknown}
 i - 2 potions of magic {unknown}
 n - 3 potions of might {unknown}
 o - 4 potions of degeneration {unknown}
 s - a potion of ambrosia {unknown}
 t - 3 potions of heal wounds {unknown}
 y - 2 potions of resistance {unknown}
 z - a potion of invisibility {unknown}
 E - 4 potions of haste {unknown}
 F - 4 potions of curing {unknown}
 G - a potion of berserk rage {unknown}
 R - 3 potions of lignification {unknown}


   Skills:
 + Level 8.4 Fighting
 + Level 8.5(10.8) Axes
 + Level 10.3(11.6) Maces & Flails
 + Level 2.4 Throwing
 + Level 9.1 Armour
 + Level 5.3 Dodging
 + Level 1.1 Stealth


You had 9 spell levels left.
You didn't know any spells.
Your spell library contained the following spells:

 Spells                   Type           Power      Damage    Failure   Level
 Apportation              Tloc           0%         N/A       87%         1
 Sting                    Tmut/Pois      0%         1d3       87%         1
 Blink                    Tloc           0%         N/A       95%         2
 Poisonous Vapours        Pois/Air       0%         N/A       95%         2
 Static Discharge         Conj/Air       0%         N/A       95%         2
 Conjure Flame            Conj/Fire      0%         6-21      99%         3
 Gell's Gravitas          Tloc           0%         N/A       99%         3
 Ignite Poison            Fire/Tmut/Pois 0%         N/A       99%         3
 Teleport Other           Tloc           0%         N/A       99%         3
 Dispel Undead            Necr           0%         3d6       100%        4
 Olgreb's Toxic Radiance  Pois           0%         N/A       100%        4
 Sticky Flame             Conj/Fire      0%         2d3       100%        4
 Summon Ice Beast         Ice/Summ       0%         N/A       100%        4
 Alistair's Intoxication  Tmut/Pois      0%         N/A       100%        5
 Manifold Assault         Tloc           0%         N/A       100%        5
 Summon Mana Viper        Hex/Summ       0%         N/A       100%        5
 Dispersal                Tloc           0%         N/A       100%        6
 Monstrous Menagerie      Summ           0%         N/A       100%        7
 Storm Form               Tmut/Air       0%         N/A       100%        7


Dungeon Overview and Level Annotations

Branches:
Dungeon (9/15)             Temple (1/1) D:5            Lair (0/6) D:8
    Orc (0/2) D:9           Sewer (visited)         Ossuary (visited)

Altars:
Cheibriados
Dithmenos
Elyvilon
Fedhas
Gozag
Kikubaaqudgha
Nemelex Xobeh
Okawaru
Qazlal
Ru
Sif Muna
Uskayaw
Vehumet
Xom
Yredelemnul
Zin
The Shining One

Shops:
D:3 *   D:5 (   D:6 =


Innate Abilities, Weirdness & Mutations

You have a pair of horns on your head.
You reflexively headbutt those who attack you in melee.


Message History

The kobold demonologist mumbles some strange words.
You hit the kobold demonologist but do no damage.
The kobold demonologist looks as sick as possible!
You headbutt the kobold demonologist!
The kobold demonologist is heavily wounded.
The kobold barely misses you. You furiously retaliate!
You headbutt the kobold!
You kill the kobold!
Trog accepts your kill.
The kobold demonologist hits you with a +0 dagger.
The kobold demonologist begins to cast a cantrip, but forgets the words!
The kobold demonologist gestures wildly while chanting.
You hit the kobold demonologist.
Your headbutt misses the kobold demonologist.
The kobold demonologist is lightly wounded.
Unknown command.
You hit the kobold demonologist.
The kobold demonologist is heavily wounded.
The sun demon hits you!!
* * * LOW HITPOINT WARNING * * *
You are engulfed in flames!
* * * LOW HITPOINT WARNING * * *
The kobold demonologist hits you but does no damage.
The kobold barely misses you. You furiously retaliate!
You headbutt the kobold!
You kill the kobold!
Trog accepts your kill.
The kobold demonologist hits you but does no damage.
The crimson imp blinks!
You thump the kobold demonologist!
Your headbutt misses the kobold demonologist.
The kobold demonologist is heavily wounded.
The sun demon barely misses you. You furiously retaliate!
You headbutt the sun demon!
The kobold demonologist casts a spell. x2
The kobold demonologist barely misses you.
You sock the kobold demonologist!
The kobold demonologist looks as sick as possible!
The kobold demonologist is severely wounded.
The sun demon barely misses you. You furiously retaliate!
You headbutt the sun demon. The soul eater hits you!
You die...

###. ####+#######...
#............#
##.....5......###
............$....
+##.....>.....######
.....53.4)...))....#
..K..5K@))..))....$#
3.4.K.K3.....).<...#
.....).###.#.......#
....... #.#.......#
....... #.+.......#
....... ###.......#
....... #.......#
....... #.......#
#########


You could see a soul eater (summoned), a sun demon (summoned), an orange demon
(summoned), a rust devil (summoned), 3 kobold demonologists, a neqoxec
(summoned), a kobold brigand, an iron imp (summoned), a crimson imp (summoned)
and an ufetubus (summoned).

Vanquished Creatures
  Grinder (D:6)
  Sigmund (D:2)
  2 yaks (D:8)
  A steam dragon (D:5)
  Menkaure (D:5)
  Duvessa (D:7)
  5 water moccasins
  5 black bears
  2 ice beasts
  3 orc warriors
  4 ogres
  A centaur (D:8)
  2 phantoms
  4 bullfrogs
  2 necrophages
  3 scorpions (D:5)
  4 water moccasin zombies (Ossuary)
  4 wights (D:8)
  4 killer bees (D:7)
  Dowan (D:7)
  2 jellies (D:6)
  7 orc priests
  2 gnoll shamans
  Ijyb (D:5)
  5 iguanas
  11 orc wizards
  2 mummies (Ossuary)
  Robin (D:4)
  15 gnolls
  7 adders
  2 white imps
  An ufetubus (D:5)
  4 adder zombies (Ossuary)
  2 worms
  5 dart slugs
  14 orcs
  6 ball pythons
  8 bats
  9 endoplasms
  3 giant cockroaches
  3 gnoll zombies (Ossuary)
  26 goblins
  10 hobgoblins
  5 jackals
  2 quokkas (D:3)
  8 frilled lizards
  5 hobgoblin zombies (Ossuary)
  10 kobolds
  3 kobold zombies (Ossuary)
  5 orc zombies (Ossuary)
  3 rats
238 creatures vanquished.

Vanquished Creatures (others)
  12 fungi (D:8)
  31 plants
43 creatures vanquished.

Grand Total: 281 creatures vanquished

Notes
Turn   | Place    | Note
-------+----------+-------------------------------------------
     0 | D:1      | snetch the Minotaur Berserker began the quest for the Orb.
     0 | D:1      | Reached XP level 1. HP: 19/19 MP: 0/0
   112 | D:1      | Found a faded altar of an unknown god.
   179 | D:1      | Reached XP level 2. HP: 11/27 MP: 1/1
   717 | D:1      | Reached XP level 3. HP: 30/34 MP: 2/2
   739 | D:1      | Reached ** piety under Trog
  1213 | D:3      | Found Xitesk's General Store.
  1302 | D:3      | Reached XP level 4. HP: 38/41 MP: 3/3
  1306 | D:3      | Reached skill level 5 in Axes
  1352 | D:3      | Reached XP level 5. HP: 20/47 MP: 4/4
  1396 | D:3      | Reached skill level 5 in Fighting
  1520 | D:3      | Reached XP level 6. HP: 39/56 MP: 5/5
  1648 | D:3      | Found a glowing drain.
  1653 | Sewer    | Entered a sewer
  1710 | Sewer    | Noticed a water moccasin
  1719 | Sewer    | Killed a water moccasin
  2009 | D:2      | Noticed Sigmund
  2017 | D:2      | Killed Sigmund
  2018 | D:2      | Reached XP level 7. HP: 61/61 MP: 6/6
  3356 | D:3      | Bought a scroll of teleportation for 39 gold pieces
  3552 | D:4      | Noticed Robin
  3556 | D:4      | Reached *** piety under Trog
  3570 | D:4      | Killed Robin
  3632 | D:4      | Found a shadowy altar of Dithmenos.
  3686 | D:4      | Found a shimmering altar of Xom.
  3848 | D:5      | Entered Level 5 of the Dungeon
  3928 | D:5      | Reached skill level 1 in Throwing
  3928 | D:5      | Reached skill level 5 in Armour
  3964 | D:5      | Reached skill level 2 in Maces & Flails
  3973 | D:5      | Noticed Menkaure
  3980 | D:5      | Killed Menkaure
  3981 | D:5      | Reached XP level 8. HP: 57/71 MP: 7/7
  4024 | D:5      | Found Keoguurul's Weapon Shoppe.
  4050 | D:5      | Found an opulent altar of Gozag.
  4057 | D:5      | Reached skill level 3 in Maces & Flails
  4057 | D:5      | Reached skill level 1 in Stealth
  4074 | D:5      | Found a staircase to the Ecumenical Temple.
  4148 | D:5      | Reached skill level 4 in Maces & Flails
  4162 | D:5      | Found a sand-covered staircase.
  4167 | D:5      | Noticed Ijyb
  4170 | Ossuary  | Entered an ossuary
  4442 | Ossuary  | Reached skill level 5 in Maces & Flails
  4443 | Ossuary  | Reached **** piety under Trog
  4563 | D:5      | Killed Ijyb
  4564 | D:5      | Reached XP level 9. HP: 49/78 MP: 8/8
  4584 | D:5      | Identified the +5 falchion of Uskayaw's Benevolence
                  | {freeze, rF- Dex+5 SInv}
  4826 | D:4      | Reached skill level 6 in Maces & Flails
  5032 | D:4      | Found a sacrificial altar of Ru.
  5493 | Temple   | Entered the Ecumenical Temple
  5950 | D:7      | Reached skill level 7 in Maces & Flails
  6109 | D:6      | Noticed Grinder
  6119 | D:6      | Killed Grinder
  6179 | D:6      | Found an ancient bone altar of Kikubaaqudgha.
  6231 | D:7      | Noticed Duvessa
  6244 | D:7      | Killed Duvessa
  6247 | D:7      | Noticed Dowan
  6252 | D:7      | Killed Dowan
  6262 | D:7      | Reached skill level 8 in Maces & Flails
  6581 | D:6      | Found Nudghaeg's Jewellery Boutique.
  6587 | D:6      | Reached skill level 9 in Maces & Flails
  6983 | D:7      | Reached XP level 10. HP: 85/86 MP: 9/9
  7141 | D:7      | Identified the ring of the Distant Future {+Blink Int+2
                  | SInv}
  7271 | D:7      | Reached skill level 10 in Maces & Flails
  7327 | D:7      | You fall into a shaft and drop 1 floor!
  8123 | D:8      | Reached skill level 5 in Dodging
  8388 | D:8      | Found a staircase to the Lair.
  8487 | D:9      | Found a staircase to the Orcish Mines.
  8517 | D:9      | Noticed a soul eater
  8519 | D:9      | Noticed a sun demon
  8520 | D:9      | Noticed a rust devil
  8523 | D:9      | Noticed an orange demon
  8523 | D:9      | Slain by a soul eater

Illustrated notes

Levels and vault maps discovered:
D:1:      elethiomel_arrival_maze, layout_basic, nicolae_ecumenical_lake_church,
          minmay_lizard_king
D:2:      layout_loops_ring, uniq_sigmund
D:3:      layout_basic, serial_shops,
          nicolae_shop_temple_entry_statues_fountains, portal_sewer_entry_e,
          minmay_goblin_outpost
D:4:      layout_loops_ring, brannock_xom_greatest_gift,
          mainiacjoe_overflow_alcove_2, lemuel_tele_altar, minmay_misc_feat_x,
          solitary_fountain, uniq_robin
D:5:      layout_cave_pools, kennysheep_little_box,
          minmay_temple_entry_nine_rooms, lightli_ossuary_entry_decrepit_ruins,
          serial_shops, shop_statue, uniq_menkaure, uniq_ijyb
D:6:      layout_loops_ring, kennysheep_mini_moat, grunt_decor_fettered,
          kennysheep_windowed_goal, uniq_grinder
D:7:      layout_loops_ring, uniq_duvessa
D:8:      layout_layer_cave, due_lair_maze_entry_diamond, dk_vineyard_2,
          chequers_decorated_corner
D:9:      layout_roguey, nicolae_wu_jian_wuxing_cycle, lemuel_round_altar,
          chequers_temple_overflow_statue_of_worship, orc_david_3,
          ebering_ghost_disaster_area
Temple:   nicolae_temple_x_marks_the_god

Skill      XL: |  1  2  3  4  5  6  7  8  9 10 |
---------------+-------------------------------+-----
Fighting       | 4 5 6 8 |  8.4
Axes           | 4 5 6 7 8 |  8.5
Armour         | 3 4 5 6 8 9 |  9.1
Dodging        | 3 4 5 |  5.3
Throwing       | 1 2 |  2.4
Maces & Flails | 2 5 9 10 | 10.3
Stealth        | 1 |  1.1

Action                   |  1- 3 |  4- 6 |  7- 9 | 10-12 || total
-------------------------+-------+-------+-------+-------++-------
Melee: Hand axe          |    81 |    85 |   115 |    12 ||   293
       Headbutt          |     8 |    10 |    68 |    24 ||   110
       Punch             |     1 |       |     6 |       ||     7
       Mace              |       |       |   137 |    37 ||   174
       Flail             |       |       |   128 |    39 ||   167
Throw: Stone             |     4 |     3 |    12 |    17 ||    36
Invok: Trog's Hand       |       |     6 |     2 |     1 ||     9
       Berserk           |       |     2 |     1 |     1 ||     4
Armor: Animal skin       |     4 |       |       |       ||     4
       Leather armour    |    16 |    19 |       |       ||    35
       Chain mail        |       |     5 |   200 |    91 ||   296
Dodge: Dodged            |    52 |    45 |   178 |    59 ||   334

Table legend: (Time is in decaauts)
 A = Elapsed time spent in this place.
 B = Non-inter-level travel time spent in this place.
 C = Inter-level travel time spent in this place.
 D = Time resting spent in this place.
 E = Time spent auto-exploring this place.
 F = Levels seen in this place.
 G = Mean time per level.
                   A        B        C        D        E       F      G
               +--------+--------+--------+--------+--------+-----+--------+
         Total |   8580 |   7855 |    725 |     25 |   5171 |  12 |  715.0 |
       Dungeon |   7846 |   7128 |    718 |      6 |   4658 |   9 |  871.8 |
        Temple |     58 |     51 |      7 |      0 |     46 |   1 |   58.0 |
         Sewer |    289 |    289 |      0 |      0 |    201 |   1 |  289.0 |
       Ossuary |    385 |    385 |      0 |     19 |    266 |   1 |  385.0 |
               +--------+--------+--------+--------+--------+-----+--------+

Top non-repeatable levels by time:
     D:3: 1207 daAuts
     D:1: 1143 daAuts
     D:8: 1092 daAuts
     D:6: 971 daAuts
     D:4: 965 daAuts
     D:2: 842 daAuts
     D:5: 827 daAuts
     D:7: 763 daAuts
 Ossuary: 385 daAuts
   Sewer: 289 daAuts
  Temple: 58 daAuts
     D:9: 33 daAuts
